 Dungeon Crawl Stone Soup version 0.29-b1-5-gddc7ae1da1 (webtiles) character file.

Game seed: 6272992993883866285

1223 diana the Trooper (level 8, -2/84 HPs)
             Began as an Octopode Transmuter on Aug 22, 2022.
             Was an Initiate of Gozag.
             Splashed by a jelly's acid (3 damage)
             ... on level 5 of the Dungeon.
             The game lasted 00:13:38 (7341 turns).

diana the Trooper (Octopode Transmuter)             Turns: 7341, Time: 00:13:38

Health: -2/84      AC:  8    Str:  9    XL:     8   Next: 47%
Magic:  23/23      EV:  2    Int: 17    God:    Gozag
Gold:   448        SH:  0    Dex: 19    Spells: 9/15 levels left

rFire   x . .      SeeInvis .     - Unarmed
rCold   . . .      Faith    .   (no shield)
rNeg    . . .      Spirit   .   (helmet currently unavailable)
rPois   +          Reflect  .   (no amulet)
rElec   +          Harm     .   g - ring of Sagia {+Blink rElec rF- MP+9 Dex+6}
rCorr   .          Rampage  .   (no ring)
Will    .....      NoTele   +   (no ring)
Stlth   ++........              (no ring)
HPRegen 0.24/turn               (no ring)
MPRegen 0.18/turn               (no ring)
                                (no ring)
                                (no ring)

@: tree-form, corroded
A: stationary, stasis, torment immunity, boosted hp, almost no armour,
(amphibious), 8 rings, (camouflage 1), (gelatinous body 1), (nimble swimmer 1),
(tentacles)
a: Renounce Religion, Evoke Blink, Potion Petition, Call Merchant, Bribe Branch


You were on level 5 of the Dungeon.
You worshipped Gozag.
Gozag was aware of your devotion.
You were a tree.
You visited 1 branch of the dungeon, and saw 5 of its levels.

You collected 543 gold pieces.
You paid 95 gold pieces to Gozag.

Inventory:

Missiles
 q - 2 throwing nets
Jewellery
 g - the ring of Sagia (left branch) {+Blink rElec rF- MP+9 Dex+6}
   (You found it on level 2 of the Dungeon)

   [ring of dexterity]

   Dex:       It affects your dexterity (+6).
   rF:        It makes you vulnerable to fire.
   rElec:     It insulates you from electricity.
   MP:        It affects your magic capacity (+9).
   +Blink:    It lets you blink.
Wands
 m - a wand of roots (9)
Scrolls
 b - a scroll of butterflies {unknown}
 c - 2 scrolls of identify
 f - a scroll of brand weapon {unknown}
 i - a scroll of acquirement {unknown}
 j - a scroll of summoning {unknown}
 k - a scroll of amnesia {unknown}
 l - a scroll of enchant weapon {unknown}
 p - a scroll of silence {unknown}
 s - a scroll of fear {unknown}
 t - a scroll of noise {unknown}
 u - 3 scrolls of teleportation {unknown}
 v - 2 scrolls of vulnerability {unknown}
 w - a scroll of poison {unknown}
Potions
 a - a potion of lignification
 d - a potion of heal wounds {unknown}
 e - 2 potions of flight {unknown}
 h - 2 potions of curing {unknown}
 n - a potion of resistance {unknown}
 o - 3 potions of brilliance {unknown}
 r - a potion of haste {unknown}


   Skills:
 * Level 5.5 Fighting
 + Level 4.4 Dodging
 + Level 5.0 Unarmed Combat
 + Level 4.2 Spellcasting
 + Level 4.4 Transmutations


You had 9 spell levels left.
You knew the following spells:

 Your Spells              Type           Power      Damage    Failure   Level
a - Beastly Appendage     Tmut           36%        N/A       2%          1
b - Wereblood             Tmut           18%        N/A       3%          2
c - Spider Form           Tmut/Pois      11%        N/A       19%         3

Your spell library contained the following spells:

 Spells                   Type           Power      Damage    Failure   Level
 Ice Form                 Ice/Tmut       11%        N/A       52%         4
 Haunt                    Necr/Summ      1%         N/A       100%        7
 Infestation              Necr           1%         N/A       100%        8
 Animate Dead             Necr           Unusable   N/A       N/A         4

Dungeon Overview and Level Annotations

Branches:
Dungeon (5/15)             Temple (0/1) D:5

Altars:
Ashenzari
Elyvilon
Gozag
Makhleb
Nemelex Xobeh
Wu Jian
Yredelemnul

Shops:
D:4 (

Annotations:
D:5 Blork the orc


Innate Abilities, Weirdness & Mutations

You are a tree.
Your roots penetrate the ground, keeping you stationary.
You cannot be teleported.
You are immune to unholy pain and torment.
Your maximum health is greatly increased.
You cannot wear most types of armour.
((You are amphibious.))
You can wear up to eight rings at the same time.
((Your skin changes colour to match your surroundings (Stealth+).))
((Your rubbery body absorbs attacks. (AC +1, EV +1)))
((You are camouflaged when in or above water. (Stealth+)))
((You have tentacles for arms and can constrict up to eight enemies at once.))


Message History

The jelly misses you.
Your transformation is almost over.
The jelly attacks as you move away! The jelly hits you. The acid corrodes you!
You are splashed with acid.
* * * LOW HITPOINT WARNING * * *
The jelly attacks as you move away! The jelly barely misses you.
Aiming: Fastroot
Press: ? - help, Shift-Dir - straight line, f - you The roots erupt in riotous growth!
The jelly is unaffected.
The jelly completely misses you.
Unknown command.
The jelly attacks as you move away! The jelly completely misses you.
The jelly attacks as you move away! The jelly completely misses you.
Your transformation has ended.
Aiming: Fastroot
Press: ? - help, Shift-Dir - straight line, f - you The roots erupt in riotous growth!
The jelly is unaffected.
The jelly hits you.
* * * LOW HITPOINT WARNING * * *
You are splashed with acid!
* * * LOW HITPOINT WARNING * * *
Unknown command.
Okay, then.
You tentacle-slap the jelly but do no damage.
Your tentacles burn!
* * * LOW HITPOINT WARNING * * *
The jelly is heavily wounded.
The jelly misses you.
Unknown command.
Okay, then.
Really quaff the potion of lignification?
You turn into a tree.
Your roots penetrate the ground.
The jelly hits you but does no damage.
Unknown command.
You hit the jelly.
Your branches burn!
* * * LOW HITPOINT WARNING * * *
The jelly is almost dead.
The jelly hits you but does no damage.
You hit the jelly but do no damage.
Your branches burn!
You die...
Your body crumbles into a pile of gold.

# ##.#.# #.. #.. # # #.#.# #.#
#.# ##.### #.#.# #.# #.# .....#
#.#.# #.# #.# .###.#######.#.#
#.# #.# .#
........#.###.##########.# .#
.#######.....#............#
..... ##...<....#########.#
##.########.....♣J.....# #.#
....................##.# #.#
...#########........##.######.#
..## ###....#.##........# #.#
####...########### ... ...##
### #####


You could see a jelly.

Vanquished Creatures
  Prince Ribbit (D:5)
  Grinder (D:5)
  Sigmund (D:5)
  A gnoll sergeant (D:4)
  2 scorpions
  5 hounds
  3 orc priests
  Crazy Yiuf (D:3)
  An orc wizard (D:5)
  3 gnolls (D:4)
  7 adders
  2 shadow imps (D:5)
  An ufetubus (D:5)
  4 worms
  4 dart slugs
  12 orcs
  5 bats
  4 endoplasms
  4 giant cockroaches
  2 goblins (D:3)
  4 hobgoblins
  5 jackals
  6 kobolds
  5 quokkas
  5 ball pythons
  5 frilled lizards
  A rat (D:3)
  A spectral goblin (D:1)
96 creatures vanquished.

Vanquished Creatures (others)
  A fungus (D:3)
1 creature vanquished.

Grand Total: 97 creatures vanquished

Notes
Turn   | Place    | Note
-------+----------+-------------------------------------------
     0 | D:1      | diana the Octopode Transmuter began the quest for the Orb.
     0 | D:1      | Reached XP level 1. HP: 13/13 MP: 3/3
    51 | D:1      | Found a faded altar of an unknown god.
   298 | D:1      | Reached XP level 2. HP: 16/18 MP: 3/5
  1271 | D:2      | Reached XP level 3. HP: 23/23 MP: 4/6
  1688 | D:2      | Identified the ring of Sagia {+Blink rElec rF- MP+9 Dex+6}
  1938 | D:2      | Reached XP level 4. HP: 12/29 MP: 7/7
  2440 | D:2      | Learned a level 2 spell: Wereblood
  2670 | D:3      | Found a burning altar of Makhleb.
  2948 | D:3      | Reached XP level 5. HP: 5/35 MP: 9/9
  3403 | D:3      | Found a white marble altar of Elyvilon.
  3735 | D:3      | Found a runed translucent door.
  3736 | D:3      | Noticed Crazy Yiuf
  3742 | D:3      | Learned a level 3 spell: Spider Form
  3751 | D:3      | Killed Crazy Yiuf
  3915 | D:4      | Reached XP level 6. HP: 39/42 MP: 10/10
  3979 | D:4      | Found a broken altar of Ashenzari.
  4375 | D:4      | Found Wuopp's Weapon Shoppe.
  4783 | D:4      | Found an opulent altar of Gozag.
  4828 | D:4      | Became a worshipper of Gozag Ym Sagoz the Greedy
  4975 | D:4      | Found an ornate altar of the Wu Jian Council.
  4975 | D:4      | Found a sparkling altar of Nemelex Xobeh.
  5504 | D:4      | Found a basalt altar of Yredelemnul.
  5636 | D:5      | Entered Level 5 of the Dungeon
  5877 | D:5      | Identified the +7 hand axe "Iciguwka" {protect, rF+ Str+4
                  | Stlth+}
  5888 | D:5      | Noticed Sigmund
  5899 | D:5      | Killed Sigmund
  5900 | D:5      | Reached XP level 7. HP: 39/48 MP: 12/12
  6162 | D:5      | Noticed Prince Ribbit
  6167 | D:5      | Noticed Grinder
  6186 | D:5      | Killed Grinder
  6187 | D:5      | Reached XP level 8. HP: 38/54 MP: 13/13
  6627 | D:5      | Killed Prince Ribbit
  6628 | D:5      | Reached skill level 5 in Fighting
  6867 | D:5      | Reached skill level 5 in Unarmed Combat
  7210 | D:5      | Found a staircase to the Ecumenical Temple.
  7249 | D:5      | Noticed Blork the orc
  7340 | D:5      | HP: 1/84 [acid (4)]
  7341 | D:5      | Splashed by a jelly's acid

Illustrated notes

Levels and vault maps discovered:
D:1:      dpeg_arrival_rhombus, layout_basic,
          dreamdust_ecumenical_altar_drowned_temple
D:2:      minmay_spotlight, layout_basic, hangedman_decor_growths
D:3:      layout_rooms, mainiacjoe_overflow_brackets,
          mainiacjoe_overflow_cross_hatched, kennysheep_generic_room_11,
          uniq_crazy_yiuf_cottage
D:4:      layout_loops_cross, nicolae_ashenzari_panopticon,
          general_overflow_altar, grunt_temple_overflow_open,
          grunt_gozag_statues, serial_shops, nicolae_inconvenience_store
D:5:      layout_loops_ring, minmay_temple_entry_slanted, serial_shops,
          nicolae_lakefront_shop, uniq_blork_the_orc, uniq_prince_ribbit1,
          uniq_grinder, uniq_sigmund

Skill      XL: |  1  2  3  4  5  6  7  8 |
---------------+-------------------------+-----
Fighting       | 2 3 4 5 |  5.5
Dodging        | 3 4 |  4.4
Spellcasting   | 3 4 |  4.2
Transmutations | 3 4 |  4.4
Unarmed Combat | 4 5 |  5.0

Action                   |  1- 3 |  4- 6 |  7- 9 || total
-------------------------+-------+-------+-------++-------
Melee: Unarmed           |    77 |   129 |    73 ||   279
       Kick              |    28 |    30 |     5 ||    63
       Constrict         |    20 |    25 |     4 ||    49
       Punch             |     4 |     3 |     1 ||     8
       Tentacles         |    12 |    17 |     1 ||    30
 Cast: Beastly Appendage |    26 |    26 |     2 ||    54
       Wereblood         |       |     6 |     3 ||     9
       Spider Form       |       |     6 |     9 ||    15
Evoke: Wand              |       |       |     2 ||     2
  Use: Potion            |       |     1 |     1 ||     2
       Scroll            |       |       |     2 ||     2
 Stab: Sleeping          |     9 |    10 |       ||    19
Armor: Skin              |     3 |     8 |     3 ||    14
Dodge: Dodged            |    51 |    84 |    72 ||   207
